 Dungeon Crawl Stone Soup version 0.30-a0-743-gbfdf073431 (webtiles) character file.

Game seed: 7930738748356564651

944 Newt the Trooper (level 7, -9/59 HPs)
             Began as a Demonspawn Gladiator on Feb 6, 2023.
             Killed from afar by Maggie (43 damage)
             ... with a bolt of fire
             ... on level 6 of the Dungeon.
             The game lasted 00:06:45 (5372 turns).

Newt the Trooper (Demonspawn Gladiator)             Turns: 5372, Time: 00:06:45

Health: -9/59      AC: 11    Str: 16    XL:     7   Next: 88%
Magic:  7/7        EV: 12    Int:  9    God:
Gold:   350        SH:  0    Dex: 15    Spells: 6/6 levels left

rFire   x x .      SeeInvis .    g - +1 dagger (speed)
rCold   . . .      Faith    .    (no shield)
rNeg    . . .      Spirit   .    b - +0 leather armour
rPois   .          Reflect  .    n - +1 helmet
rElec   .          Harm     .    s - scarf {shadows}
rCorr   .          Rampage  .    (no gloves)
Will    .....                    (no boots)
Stlth   ++                       (no amulet)
HPRegen 0.29/turn                (no ring)
MPRegen 0.10/turn                (no ring)

@: sanguine armoured, mesmerised, unable to read
A: sanguine armour 1, weakness stinger 2, heat vulnerability 2, inability to
read after injury 1
a: no special abilities


You were on level 6 of the Dungeon.
You visited 1 branch of the dungeon, and saw 6 of its levels.

You collected 350 gold pieces.

Inventory:

Hand Weapons
 a - a +0 rapier
 g - a +1 dagger of speed (weapon)
Missiles
 p - 2 poisoned darts (quivered)
Armour
 b - a +0 leather armour (worn)
 c - a +0 helmet
 n - a +1 helmet (worn)
 o - a scarf of invisibility
 s - a scarf of shadows (worn)
 w - a +0 chain mail of cold resistance
Scrolls
 d - a scroll of enchant weapon
 h - 3 scrolls of magic mapping
 k - 2 scrolls of amnesia
 q - a scroll of noise
 v - a scroll of teleportation
Potions
 f - a potion of cancellation
 i - a potion of lignification
 l - 3 potions of curing
 m - a potion of magic
 t - 2 potions of ambrosia
 x - a potion of flight


   Skills:
 + Level 6.7 Fighting
 - Level 4.0 Short Blades
 - Level 5.0 Throwing
 - Level 2.6 Dodging
 - Level 1.5 Stealth


You had 6 spell levels left.
You didn't know any spells.
Your spell library contained the following spells:

 Spells                   Type           Power      Damage    Failure   Level
 Malign Gateway           Summ/Tloc      0%         N/A       100%        7
 Summon Horrible Things   Summ           0%         N/A       100%        8


Dungeon Overview and Level Annotations

Branches:
Dungeon (6/15)
 Temple: D:4-7

Altars:
Nemelex Xobeh

Annotations:
D:6 Maggie


Innate Abilities, Weirdness & Mutations

When seriously injured, your blood forms armour. (AC +6)
You have a tail ending in a sharp stinger.
You are very vulnerable to heat. (rF--)
You occasionally lose the ability to read scrolls when taking damage.


Message History

Maggie struggles against the net.
You catch the helpless Maggie completely off-guard!
You puncture Maggie!
Maggie is severely wounded.
You barely miss Maggie.
Maggie is severely wounded.
Maggie mumbles some strange words.
Maggie attempts to bespell you!
You are mesmerised by Maggie!
Maggie struggles against the net.
The net rips apart, and Maggie comes free!
You closely miss Maggie.
Maggie is severely wounded.
You hit Maggie but do no damage.
Maggie is severely wounded.
Throw: javelin
Press: ? - help, Shift-Dir - straight line, f/p - Maggie
Aim: Maggie, wielding a +0 scimitar and wearing +0 acid dragon scales (severely wounded, mesmerising, strong, poisoned, 64% to hit)
You throw a javelin. The javelin pierces through Maggie.
Maggie is almost dead.
Maggie completely misses you.
Throw: 3 darts (poison)
Press: ? - help, Shift-Dir - straight line, f/p - Maggie
Aim: Maggie, wielding a +0 scimitar and wearing +0 acid dragon scales (almost dead, mesmerising, strong, poisoned, 64% to hit)
You throw a poisoned dart. The poisoned dart barely misses Maggie.
Maggie looks more healthy.
Maggie barely misses you.
You hit Maggie but do no damage.
Maggie is almost dead.
You hit Maggie.
Maggie is almost dead.
Maggie hits you with a +0 scimitar!
You feel threatened and lose the ability to read scrolls!
* * * LOW HITPOINT WARNING * * *
You feel much better. Maggie hits you with a +0 scimitar.
* * * LOW HITPOINT WARNING * * *
You feel much better. Maggie gestures at you while chanting.
The bolt of fire hits you!!! The fire burns you terribly!
Ouch! That really hurt!
You die...

###.# #.#.# # #...#
#.#.# #
#...#######.#.###
#...+....##.#.#.'
###...####.##.#.#.#
#....(........#...#
#...(.....###.#..##
#..@......# #...###
#.@.......# #...#..
########### #..>...
#####.# #.# #.# #.#
#.# #.# #.#


You could see Maggie (mesmerising, strong).

Vanquished Creatures
  2 water moccasins
  2 phantoms
  Blork the orc (D:6)
  3 scorpions
  2 hounds
  An iguana (D:5)
  An orc wizard (D:5)
  5 gnolls
  9 adders
  An ufetubus (D:4)
  A worm (D:2)
  3 dart slugs
  7 orcs (D:5)
  4 ball pythons
  9 endoplasms
  3 giant cockroaches
  5 goblins
  7 hobgoblins
  11 jackals
  3 quokkas
  5 bats
  6 frilled lizards
  6 kobolds
  10 rats
107 creatures vanquished.

Vanquished Creatures (others)
  4 toadstools (D:5)
4 creatures vanquished.

Grand Total: 111 creatures vanquished

Notes
Turn   | Place    | Note
-------+----------+-------------------------------------------
     0 | D:1      | Newt the Demonspawn Gladiator began the quest for the Orb.
     0 | D:1      | Reached XP level 1. HP: 16/16 MP: 1/1
    43 | D:1      | Reached skill level 1 in Stealth
   142 | D:1      | Gained mutation: You have a small tail. [demonic ancestry]
   142 | D:1      | Reached XP level 2. HP: 19/22 MP: 2/2
   429 | D:1      | Reached skill level 3 in Fighting
   435 | D:1      | Gained mutation: You have a tail ending in a sharp stinger.
                  | [demonic ancestry]
   435 | D:1      | Reached XP level 3. HP: 26/29 MP: 3/3
  1467 | D:2      | Gained mutation: When seriously injured, your blood forms
                  | armour. (AC +6) [demonic ancestry]
  1467 | D:2      | Reached XP level 4. HP: 37/37 MP: 4/4
  1611 | D:3      | Reached skill level 4 in Fighting
  1926 | D:3      | Noticed a scorpion
  1941 | D:3      | Killed a scorpion
  1942 | D:3      | Reached skill level 5 in Fighting
  1942 | D:3      | Reached XP level 5. HP: 34/44 MP: 5/5
  2170 | D:3      | Found a faded altar of an unknown god.
  2872 | D:4      | Noticed a phantom
  2883 | D:4      | Killed a phantom
  2884 | D:4      | Reached XP level 6. HP: 39/51 MP: 6/6
  3336 | D:4      | Gained mutation: You have sharp toenails. [potion of
                  | mutation]
  3336 | D:4      | Gained mutation: Armour fits poorly on your strangely
                  | shaped body. [potion of mutation]
  3337 | D:4      | Lost mutation: Armour fits poorly on your strangely shaped
                  | body. [potion of mutation]
  3337 | D:4      | Lost mutation: You have sharp toenails. [potion of
                  | mutation]
  3337 | D:4      | Gained mutation: Your body sometimes deteriorates upon
                  | taking damage. [potion of mutation]
  3337 | D:4      | Gained mutation: Your system is resistant to poisons.
                  | (rPois) [potion of mutation]
  3338 | D:4      | Lost mutation: Your system is resistant to poisons. (rPois)
                  | [potion of mutation]
  3338 | D:4      | Lost mutation: Your body sometimes deteriorates upon taking
                  | damage. [potion of mutation]
  3338 | D:4      | Gained mutation: Armour fits poorly on your strangely
                  | shaped body. [potion of mutation]
  3338 | D:4      | Gained mutation: You have large cloven feet. [potion of
                  | mutation]
  3339 | D:4      | Lost mutation: Armour fits poorly on your strangely shaped
                  | body. [potion of mutation]
  3339 | D:4      | Lost mutation: You have large cloven feet. [potion of
                  | mutation]
  3339 | D:4      | Gained mutation: You occasionally lose the ability to read
                  | scrolls when taking damage. [potion of mutation]
  3339 | D:4      | Gained mutation: You are vulnerable to heat. (rF-) [potion
                  | of mutation]
  3339 | D:4      | Gained mutation: You are very vulnerable to heat. (rF--)
                  | [potion of mutation]
  3615 | D:5      | Entered Level 5 of the Dungeon
  4004 | D:5      | Reached XP level 7. HP: 32/56 MP: 7/7
  4140 | D:5      | Found Mekiopheath's Armour Shoppe.
  4331 | D:5      | Found a sparkling altar of Nemelex Xobeh.
  4430 | D:5      | Reached skill level 5 in Throwing
  4998 | D:6      | Noticed Blork the orc
  5019 | D:6      | Killed Blork the orc
  5020 | D:6      | Reached skill level 6 in Fighting
  5341 | D:6      | Noticed Maggie
  5372 | D:6      | Killed from afar by Maggie

Illustrated notes

Levels and vault maps discovered:
D:1:      nicolae_arrival_memento_mori, layout_loops_ring, minivault_14,
          minmay_cut_off
D:2:      layout_rooms, cheibrodos_gnoll_hut
D:3:      layout_rooms, hellmonk_ecumenical_altar_leap_of_faith,
          minmay_quantized
D:4:      layout_basic
D:5:      layout_basic, mainiacjoe_overflow_catwalk, serial_shops,
          nicolae_shop_waterfront, minmay_misc_feat_square, grunt_ministairs_15,
          minmay_gold_behind_fungi
D:6:      layout_basic, overflow_temple_1_default, uniq_maggie,
          uniq_blork_the_orc

Skill      XL: |  1  2  3  4  5  6  7 |
---------------+----------------------+-----
Stealth        | 1 |  1.5
Fighting       | 3 5 6 |  6.7
Short Blades   | 3 4 |  4.0
Throwing       | 2 4 5 |  5.0
Dodging        | |  2.6

Action                     |  1- 3 |  4- 6 |  7- 9 || total
---------------------------+-------+-------+-------++-------
  Melee: Rapier            |    23 |       |       ||    23
         Dagger            |   159 |   288 |   114 ||   561
         Tailslap          |    24 |    38 |    15 ||    77
         Punch             |       |     2 |     3 ||     5
  Throw: Throwing net      |       |     2 |     6 ||     8
         Javelin           |       |     1 |     3 ||     4
         Stone             |       |     1 |       ||     1
         Dart              |       |       |     7 ||     7
    Use: Scroll            |     1 |    14 |     2 ||    17
         Potion            |       |     4 |     2 ||     6
   Stab: Sleeping          |     8 |     3 |     1 ||    12
         Held in net/web   |       |     2 |     6 ||     8
 Armour: Leather armour    |    44 |    44 |    17 ||   105
  Dodge: Dodged            |    90 |    93 |    28 ||   211

Table legend: (Time is in decaauts)
 A = Elapsed time spent in this place.
 B = Non-inter-level travel time spent in this place.
 C = Inter-level travel time spent in this place.
 D = Time resting spent in this place.
 E = Time spent auto-exploring this place.
 F = Levels seen in this place.
 G = Mean time per level.
                   A        B        C        D        E       F      G
               +--------+--------+--------+--------+--------+-----+--------+
         Total |   5098 |   4822 |    276 |    549 |   3485 |   6 |  849.7 |
       Dungeon |   5098 |   4822 |    276 |    549 |   3485 |   6 |  849.7 |
               +--------+--------+--------+--------+--------+-----+--------+

Top non-repeatable levels by time:
     D:5: 1278 daAuts
     D:4: 974 daAuts
     D:1: 952 daAuts
     D:3: 811 daAuts
     D:2: 708 daAuts
     D:6: 372 daAuts
